 Dungeon Crawl Stone Soup version 0.28.0-53-g5a82cb258f (webtiles) character file.

Game seed: 3784580270003286078

43 Zeld the Chiller (level 3, 0/24 HPs)
             Began as a Merfolk Ice Elementalist on May 21, 2022.
             Slain by an adder (1 damage)
             ... on level 2 of the Dungeon.
             The game lasted 00:01:52 (2413 turns).

Zeld the Chiller (Merfolk Ice Elementalist)         Turns: 2413, Time: 00:01:52

Health: 0/24       AC:  2    Str:  8    XL:     3   Next: 58%
Magic:  1/7        EV: 13    Int: 16    God:
Gold:   59         SH:  0    Dex: 14    Spells: 0/7 levels left

rFire   . . .      SeeInvis +   (no weapon)
rCold   . . .      Faith    .   (no shield)
rNeg    . . .      Spirit   .   a - +0 robe
rPois   .          Reflect  .   (no helmet)
rElec   .          Harm     .   (no cloak)
rCorr   .          Rampage  .   (no gloves)
Will    .....                   (no boots)
Stlth   ++........              (no amulet)
HPRegen 0.08/turn               b - ring of see invisible
MPRegen 0.10/turn               (no ring)

@: no status effects
A: (nimble swimmer 2), mertail
a: no special abilities


You were on level 2 of the Dungeon.
You visited 1 branch of the dungeon, and saw 2 of its levels.

You collected 59 gold pieces.

Inventory:

Armour
 a - a +0 robe (worn)
Jewellery
 b - a ring of see invisible (left hand)
Scrolls
 c - a scroll of immolation {unknown}
 f - a scroll of teleportation {unknown}
 g - a scroll of identify {unknown}
Potions
 d - a potion of mutation {unknown}
 e - 2 potions of curing {unknown}


   Skills:
 + Level 3.3 Dodging
 - Level 2.1 Stealth
 * Level 2.7 Spellcasting
 * Level 4.9 Ice Magic


You couldn't memorise any spells.
You knew the following spells:

 Your Spells              Type           Power      Damage    Failure   Level
a - Freeze                Ice            72%        1d9       2%          1
b - Frozen Ramparts       Ice            36%        1d5       8%          3
c - Ozocubu's Armour      Ice            18%        N/A       8%          3

Your spell library contained the following spells:

 Spells                   Type           Power      Damage    Failure   Level
 Hailstorm                Conj/Ice       10%        3d5       56%         4


Dungeon Overview and Level Annotations

Branches:
Dungeon (2/15)

Altars:


Innate Abilities, Weirdness & Mutations

((You are very nimble when in or above water. (Stealth+, EV+, Speed+++)))
Your lower body shifts to a powerful aquatic tail in water.


Message History

Aiming: Freeze (safe; 2% risk of failure)
Press: ? - help, Shift-Dir - straight line, f/p - adder
Aim: an adder (moderately wounded)
You freeze the adder.
The adder is severely wounded.
The adder seems to slow down.
The adder misses you.
Unknown command.
The adder is no longer moving slowly.
Casting: Freeze (safe; 2% risk of failure)
Confirm with . or Enter, or press ? or * to list all spells.
Aiming: Freeze (safe; 2% risk of failure)
Press: ? - help, Shift-Dir - straight line, f/p - adder
Aim: an adder (severely wounded)
You freeze the adder.
The adder is almost dead.
The adder seems to slow down.
The adder bites you.
* * * LOW HITPOINT WARNING * * *
You are poisoned.
The adder poisons you!
* * * LOW HITPOINT WARNING * * *
You feel sick.
* * * LOW HITPOINT WARNING * * *
You feel sick.
* * * LOW HITPOINT WARNING * * *
You feel sick.
* * * LOW HITPOINT WARNING * * *
You feel sick.
You miss the adder.
The adder is almost dead.
* * * LOW HITPOINT WARNING * * *
You feel sick.
You are no longer poisoned.
The adder is no longer moving slowly.
You hit the adder but do no damage.
The adder is almost dead.
The adder misses you. The adder closely misses you.
You closely miss the adder.
The adder is almost dead.
The adder bites you.
You die...

##################
...........)....'######
######.##########....≈# #.#
#....≈# #.# #....≈# #.# #≈≈≈≈†##
...# #.# #######'######...#
######.#########@# #.#<.........#
#..............S.# #.#..######...
#####..########### #.#....# #...
#####..# ####....# #.#.##.####.#.
.).....# .......†###...##........
.####..##.######....##.#######..#
.......##...........##.##.....†.#
..###..##..#######..#####.##b.#..
#.# #..# .........# #.##<.#..


You could see an adder.

Vanquished Creatures
  A dart slug (D:2)
  6 ball pythons
  4 bats
  3 endoplasms
  2 giant cockroaches
  6 goblins
  4 hobgoblins (D:1)
  4 kobolds
  3 quokkas (D:1)
  3 frilled lizards (D:1)
  2 rats
38 creatures vanquished.

Notes
Turn   | Place    | Note
-------+----------+-------------------------------------------
     0 | D:1      | Zeld the Merfolk Ice Elementalist began the quest for the
                  | Orb.
     0 | D:1      | Reached XP level 1. HP: 13/13 MP: 3/3
   472 | D:1      | Reached XP level 2. HP: 19/19 MP: 3/5
  1478 | D:1      | Reached XP level 3. HP: 10/24 MP: 4/6
  1490 | D:1      | Learned a level 3 spell: Frozen Ramparts
  1494 | D:1      | Learned a level 3 spell: Ozocubu's Armour
  2411 | D:2      | HP: 1/24 [poisoned by an adder]
  2413 | D:2      | Slain by an adder

Illustrated notes

Levels and vault maps discovered:
D:1:      saegor_arrival_under_anarchy, layout_loops_ring,
          serial_co_window_serial, co_window_corner_a, co_window_paths_b,
          co_window_paths_a, co_window_paths_a, co_window_paths_a,
          co_window_2corner, co_window_unsneaky_path_d,
          co_window_of_opportunity_c, co_window_corner_ca, co_window_cross_3,
          co_window_broadway_b, co_window_of_opportunity_c, co_window_4corner_a,
          glass_columns_b, glass_columns_a, glass_columns_c, st_stairs_7
D:2:      layout_basic, chequers_serial_rivers_room_a, hangedman_feature_mirror

Skill      XL: |  1  2 |
---------------+-------+-----
Dodging        | 3 |  3.3
Stealth        | |  2.1
Spellcasting   | |  2.7
Ice Magic      | |  4.9

Action                   || total
-------------------------++-------
Melee: Unarmed           ||    28
 Cast: Freeze            ||    61
Armor: Robe              ||    21
Dodge: Dodged            ||    49
